 Dungeon Crawl Stone Soup version 0.29-a0-495-g17b79114eb (webtiles) character file.

Game seed: 15166710161569761307

1626 croobank the Firebug (level 8, 0/74 HPs)
             Began as a Demigod Fire Elementalist on May 27, 2022.
             Succumbed to a water moccasin's poison
             ... on level 5 of the Dungeon.
             The game lasted 00:25:15 (5628 turns).

croobank the Firebug (Demigod Fire Elementalist)    Turns: 5628, Time: 00:25:16

Health: 0/74       AC:  7    Str:  9    XL:     8   Next: 38%
Magic:  11/19      EV: 14    Int: 23    God:
Gold:   222        SH:  0    Dex: 14    Spells: 8/17 levels left

rFire   . . .      SeeInvis .   v - staff of conjuration
rCold   . . .      Faith    .   (no shield)
rNeg    . . .      Spirit   .   a - +0 robe
rPois   .          Reflect  .   k - +2 helmet
rElec   .          Harm     .   (no cloak)
rCorr   .          Rampage  .   (no gloves)
Will    .....                   G - +0 pair of boots
Stlth   +++.......              (no amulet)
HPRegen 1.02/turn               o - ring of flight
MPRegen 0.16/turn               (no ring)

@: lethally poisoned (0 -> -1), flying
A: high MP 1, forlorn, divine attributes, dopey 1, regeneration 1, robust 1,
shaggy fur 1
a: no special abilities


You were on level 5 of the Dungeon.
You visited 1 branch of the dungeon, and saw 5 of its levels.
You also visited: Sewer.

You collected 222 gold pieces.

Inventory:

Hand Weapons
 b - a +0 hunting sling
 d - a +0 dagger
 f - a +0 hand axe
 j - a +0 falchion of flaming
 y - a +0 hand crossbow
 A - a +4 whip
Missiles
 z - 76 stones
 F - a curare-tipped dart (quivered)
 L - 3 poisoned darts
Armour
 a - a +0 robe (worn)
 e - a +0 buckler
 k - a +2 helmet (worn)
 r - a +0 leather armour
 s - a +0 ring mail
 x - a +4 scale mail of willpower
 G - a +0 pair of boots (worn)
Magical Staves
 v - a staff of conjuration (weapon)
Jewellery
 o - a ring of flight (left hand)
Wands
 n - a wand of mindburst (18)
 K - a wand of iceblast (2)
Scrolls
 c - a scroll of immolation
 h - a scroll of magic mapping
 u - 3 scrolls of teleportation
 B - a scroll of blinking {unknown}
 H - 2 scrolls of acquirement {unknown}
 I - a scroll of fog {unknown}
Potions
 g - 3 potions of invisibility
 l - a potion of haste
 q - a potion of magic
 w - a potion of might
 C - 3 potions of cancellation
 J - a potion of resistance


   Skills:
 + Level 5.1 Fighting
 + Level 5.7 Dodging
 + Level 6.2 Stealth
 + Level 5.2 Spellcasting
 + Level 5.7 Conjurations
 + Level 6.4 Fire Magic


You had 8 spell levels left.
You knew the following spells:

 Your Spells              Type           Power      Damage    Failure   Level
a - Foxfire               Conj/Fire      100%       2x1d9     1%          1
b - Scorch                Fire           70%        2d8       1%          2
c - Searing Ray           Conj           96%        2d7       1%          2
d - Flame Wave            Conj/Fire      50%        2d10      8%          4

Your spell library contained the following spells:

 Spells                   Type           Power      Damage    Failure   Level
 Magic Dart               Conj           100%       1d8       1%          1
 Conjure Flame            Conj/Fire      50%        6-21      2%          3
 Inner Flame              Hex/Fire       20%        N/A       8%          3
 Gell's Gravitas          Tloc           6%         N/A       28%         3
 Teleport Other           Tloc           6%         N/A       28%         3
 Fulminant Prism          Conj/Hex       14%        3d9       28%         4
 Dispersal                Tloc           3%         N/A       100%        6


Dungeon Overview and Level Annotations

Branches:
Dungeon (5/15)              Sewer (visited)
 Temple: D:4-7

Shops:
D:4 *


Innate Abilities, Weirdness & Mutations

You have an increased reservoir of magic. (+10% MP)
You shall have no god before yourself.
Your divine heritage dramatically boosts your attributes as you level up.
You are dopey. (Int -2)
Your natural rate of healing is unusually fast.
You are robust. (+10% HP)
You are covered in fur. (AC +1)


Message History

Your Dodging skill gained 2 levels and is now at level 5!
Your Stealth skill gained 3 levels and is now at level 6!
Your Spellcasting skill gained 2 levels and is now at level 5!
Your Conjurations skill gained 2 levels and is now at level 5!
Your Fire Magic skill gained 2 levels and is now at level 6!
You have reached level 8!
* * * LOW HITPOINT WARNING * * *
You feel sick.
Okay, then.
It was a potion of might.
You feel very mighty all of a sudden.
* * * LOW HITPOINT WARNING * * *
You feel sick.
An orc comes into view. It is wielding a +0 whip.
It was a potion of mutation.
You feel extremely strange.
You feel robust. Fur sprouts all over your body.
You feel stupid.
You begin to heal more quickly.
* * * LOW HITPOINT WARNING * * *
You feel sick.
It was a potion of brilliance.
You feel clever all of a sudden.
* * * LOW HITPOINT WARNING * * *
You feel sick.
It was a potion of resistance.
You feel protected.
* * * LOW HITPOINT WARNING * * *
You feel sick.
Okay, then.
Okay, then.
Okay, then.
It was a potion of cancellation.
Your magical effects are unravelling.
You feel magically purged.
You feel less wooden.
Your +2 helmet unmelds from your body.
Your +0 pair of boots unmelds from your body.
Your +0 robe unmelds from your body.
You feel yourself slow down.
You feel a little less mighty now.
You feel a little less clever now.
Your resistance to elements expires.
You die...

#### ###
######.. ...
......##...
......#.# #
#.....†.#
#.#.##..#
#..@).).###
#.##)#).o..o≈.
#.##.##.##..≈.
#.......# .≈.
#....<..# ≈
#.#####.# #.
.# # .#


You could see an orc.

Vanquished Creatures
  A water moccasin (D:5)
  A sky beast (D:4)
  An ogre (D:4)
  A centaur (D:5)
  A kobold brigand (Sewer)
  A scorpion (D:4)
  A jelly (D:4)
  An orc priest (D:5)
  An iguana (D:4)
  An orc wizard (D:3)
  5 river rats (Sewer)
  4 adders
  A white imp (D:5)
  4 worms
  3 dart slugs
  16 orcs
  14 ball pythons
  8 bats
  7 endoplasms
  2 giant cockroaches
  8 goblins
  7 hobgoblins
  4 quokkas
  5 frilled lizards
  16 kobolds
  21 rats
135 creatures vanquished.

Vanquished Creatures (others)
  An iguana (D:5)
  162 foxfires
163 creatures vanquished.

Grand Total: 298 creatures vanquished

Notes
Turn   | Place    | Note
-------+----------+-------------------------------------------
     0 | D:1      | croobank the Demigod Fire Elementalist began the quest for
                  | the Orb.
     0 | D:1      | Reached XP level 1. HP: 14/14 MP: 5/5
   179 | D:1      | Reached skill level 1 in Conjurations
   457 | D:1      | Reached XP level 2. HP: 20/20 MP: 4/7
   662 | D:1      | Learned a level 2 spell: Scorch
  1350 | D:2      | Reached XP level 3. HP: 14/26 MP: 4/8
  2501 | D:3      | Learned a level 2 spell: Searing Ray
  2763 | D:3      | Reached XP level 4. HP: 28/34 MP: 1/10
  2767 | D:3      | Reached skill level 1 in Fighting
  2850 | D:3      | Found a glowing drain.
  2859 | Sewer    | Entered a sewer
  3370 | Sewer    | Reached XP level 5. HP: 40/40 MP: 6/11
  4362 | D:3      | Learned a level 4 spell: Flame Wave
  4935 | D:4      | Noticed an ogre
  4942 | D:4      | Killed an ogre
  4943 | D:4      | Reached XP level 6. HP: 48/48 MP: 5/13
  5212 | D:4      | Found Qagulora's Overcharged Wands.
  5572 | D:5      | Entered Level 5 of the Dungeon
  5584 | D:5      | Reached XP level 7. HP: 55/55 MP: 11/14
  5622 | D:5      | HP: 4/84 [poisoned by a water moccasin]
  5623 | D:5      | Reached skill level 5 in Fighting
  5623 | D:5      | Reached skill level 5 in Dodging
  5623 | D:5      | Reached skill level 5 in Spellcasting
  5623 | D:5      | Reached skill level 5 in Conjurations
  5623 | D:5      | Reached XP level 8. HP: 6/68 MP: 11/19
  5625 | D:5      | Gained mutation: You are robust. (+10% HP) [potion of
                  | mutation]
  5625 | D:5      | Gained mutation: You are covered in fur. (AC +1) [potion of
                  | mutation]
  5625 | D:5      | Gained mutation: You are dopey. (Int -2) [potion of
                  | mutation]
  5625 | D:5      | Gained mutation: Your natural rate of healing is unusually
                  | fast. [potion of mutation]
  5626 | D:5      | HP: 1/111 [poisoned by a water moccasin]
  5628 | D:5      | Succumbed to a water moccasin's poison

Illustrated notes

Levels and vault maps discovered:
D:1:      dpeg_arrival_pits, layout_loops_corners, grunt_decor_resistance
D:2:      minmay_spotlight, layout_loops_ring, minmay_distorted
D:3:      layout_loops_corners, nicolae_dithmenos_shadow_blocks,
          cheibrodos_sewer_entry_bend, hellmonk_ecumenical_altar_defaced_shrine
D:4:      layout_basic, nicolae_shop_overcharged_wands
D:5:      layout_loops_cross, xom_confusion_cloud, mainiacjoe_overflow_alcove_2,
          nzn_wu_jian_council_hall, nicolae_specific_store,
          minmay_misc_feat_room, minmay_fractal_squares_5

Skill      XL: |  1  2  3  4  5  6  7 |
---------------+----------------------+-----
Conjurations   | 1 2 5 |  5.7
Stealth        | 2 3 6 |  6.2
Dodging        | 2 3 5 |  5.7
Spellcasting   | 2 3 5 |  5.2
Fire Magic     | 3 4 6 |  6.4
Fighting       | 1 2 5 |  5.1

Action                   |  1- 3 |  4- 6 |  7- 9 || total
-------------------------+-------+-------+-------++-------
Melee: Falchion          |    47 |       |       ||    47
       Staff             |    13 |    48 |    13 ||    74
       Punch             |       |     1 |       ||     1
 Cast: Foxfire           |    33 |    58 |     4 ||    95
       Scorch            |    19 |    45 |     2 ||    66
       Searing Ray       |     5 |     3 |       ||     8
       Flame Wave        |       |       |     2 ||     2
  Use: Scroll            |     8 |     2 |       ||    10
       Potion            |       |       |    15 ||    15
Armor: Robe              |    15 |    15 |    14 ||    44
Dodge: Dodged            |    53 |    41 |    21 ||   115

Table legend: (Time is in decaauts)
 A = Elapsed time spent in this place.
 B = Non-inter-level travel time spent in this place.
 C = Inter-level travel time spent in this place.
 D = Time resting spent in this place.
 E = Time spent auto-exploring this place.
 F = Levels seen in this place.
 G = Mean time per level.
                   A        B        C        D        E       F      G
               +--------+--------+--------+--------+--------+-----+--------+
         Total |   5651 |   5594 |     57 |    889 |   3691 |   6 |  941.8 |
       Dungeon |   4496 |   4439 |     57 |    439 |   3248 |   5 |  899.2 |
         Sewer |   1155 |   1155 |      0 |    450 |    443 |   1 | 1155.0 |
               +--------+--------+--------+--------+--------+-----+--------+

Top non-repeatable levels by time:
     D:3: 1423 daAuts
   Sewer: 1155 daAuts
     D:1: 1148 daAuts
     D:2: 1122 daAuts
     D:4: 745 daAuts
     D:5: 56 daAuts
